 Dungeon Crawl Stone Soup version 0.32-a0-485-g70f7560b1c (console) character file.

Game seed: 6261303009903198898

2159744 elliptic the Conqueror (level 27, 249/249 HPs)
             Began as a Coglin Conjurer on Feb 25, 2024.
             Was a High Priest of Okawaru.
             Escaped with the Orb
             ... and 3 runes
             ... and 2 gems on Feb 26, 2024!
             The game lasted 03:28:42 (51055 turns).

elliptic the Conqueror (Coglin Conjurer)           Turns: 51055, Time: 03:28:42

Health: 249/249    AC: 24    Str: 12    XL:     27
Magic:  35/35      EV: 55    Int: 21    God:    Okawaru [*****.]
Gold:   4829       SH:  0    Dex: 41    Spells: 30/30 levels left

rFire   + . .        a - +10 hand cannon {penet, rElec rC- rN+ Str+5}
rCold   + + +        b - +12 sling {heavy, rC++ Str-4 Dex+4 Stlth+}
rNeg    + + .        C - +4 robe of the Cooper {rC+ Will++ Dex+6, nodragon}
rPois   +            u - +4 hat of the Great Game {Rampage Will+}
rElec   +            W - scarf of Day {repulsion, +Inv rPois rN+ Dex+3 SInv}
rCorr   .            f - +2 pair of gloves {Dex+3}
SInv    +            q - +2 pair of boots {Fly}
Will    +++++        c - amulet "Kitoa" {Regen+ Str+3 Dex+2 Slay+3}
Stlth   ++           (ring unavailable)
HPRegen 1.41/turn    (ring unavailable)
MPRegen 0.24/turn

%: repel missiles, rampage
@: flying, hasted, studying 3 skills, very quick
A: cold resistance 1, fire resistance 1, off-hand wielding, slow wielding,
warmup strikes, no rings, iridescent scales 2, strong-willed 1, shaggy fur 1,
inability to drink after injury 1
0: Orb of Zot
}: 3/15 runes: decaying, silver, gossamer
a: Renounce Religion, Evoke Invisibility, Heroism, Finesse, Duel


You escaped.
You worshipped Okawaru.
Okawaru was extremely pleased with you.
You visited 10 branches of the dungeon, and saw 50 of its levels.
You visited 1 bazaar.
You also visited: Trove, Bailey and Gauntlet.

You collected 8002 gold pieces.
You spent 3173 gold pieces at shops.


Innate Abilities, Weirdness & Mutations

Your flesh is cold resistant. (rC+)
Your flesh is heat resistant. (rF+)
You can wield a second weapon in your off-hand.
It takes a long time for you to wield or remove held weapons.
Your first few attacks do less damage.
Your grasper-arms cannot wear rings.
You are mostly covered in iridescent scales. (AC +4)
You are strong-willed. (Will+)
You are covered in fur. (AC +1)
You occasionally lose the ability to drink potions when taking damage.


   Skills:
 O Level 27 Fighting
 + Level 18.5 Ranged Weapons
 + Level 17.6 Armour
 O Level 27 Dodging
 - Level 1.5 Stealth
 - Level 2.0 Spellcasting
 - Level 5.7 Conjurations
 - Level 16.5 Invocations


You had 30 spell levels left.
You didn't know any spells.
Your spell library contained the following spells:

 Spells                   Type           Power      Damage    Failure   Level
 Magic Dart               Conj           100%       1d8       1%          1
 Searing Ray              Conj           52%        2d6       1%          2
 Foxfire                  Conj/Fire      56%        2x1d6     4%          1
 Kiss of Death            Conj/Necr      56%        2d9       4%          1
 Shock                    Conj/Air       56%        1d6       4%          1
 Sting                    Conj/Alch      56%        1d6       4%          1
 Momentum Strike          Conj/Tloc      28%        3d8       7%          2
 Static Discharge         Conj/Air       28%        3-5/arc   7%          2
 Apportation              Tloc           4%         N/A       14%         1
 Necrotise                Necr           8%         1d4       14%         1
 Slow                     Hex            8%         N/A       14%         1
 Dazzling Flash           Conj/Hex       28%        N/A       14%         3
 Stone Arrow              Conj/Erth      28%        3d8       14%         3
 Blink                    Tloc           4%         N/A       22%         2
 Cigotuvi's Dreadful Rot  Necr/Alch/Air  4%         N/A       22%         2
 Ensorcelled Hibernation  Hex/Ice        4%         N/A       22%         2
 Jinxbite                 Hex            4%         N/A       22%         2
 Lesser Beckoning         Tloc           4%         N/A       22%         2
 Mercury Vapours          Alch/Air       4%         N/A       22%         2
 Scorch                   Fire           4%         2d5       22%         2
 Sublimation of Blood     Necr           2%         N/A       22%         2
 Iskenderun's Battlesphe  Conj           26%        2d8       36%         5
 Confusing Touch          Hex            2%         N/A       41%         3
 Fugue of the Fallen      Necr           2%         N/A       41%         3
 Gell's Gravitas          Tloc           2%         N/A       41%         3
 Inner Flame              Hex/Fire       2%         N/A       41%         3
 Ozocubu's Armour         Ice            2%         N/A       41%         3
 Passwall                 Erth           2%         N/A       41%         3
 Sigil of Binding         Hex            2%         N/A       41%         3
 Swiftness                Air            2%         N/A       41%         3
 Teleport Other           Tloc           2%         N/A       41%         3
 Vampiric Draining        Necr           2%         2d6       41%         3
 Volatile Blastmotes      Fire/Tloc      4%         2d10      41%         3
 Brom's Barrelling Bould  Conj/Erth      14%        2d4       41%         4
 Flame Wave               Conj/Fire      14%        2d6       41%         4
 Fulminant Prism          Conj/Alch      7%         3d6       41%         4
 Iskenderun's Mystic Bla  Conj/Tloc      14%        2d5       41%         4
 Arcjolt                  Conj/Air       7%         1d17      77%         5
 Fireball                 Conj/Fire      7%         3d5       77%         5
 Irradiate                Conj/Alch      7%         3d14      77%         5
 Airstrike                Air            1%         2d(1-17)  82%         4
 Cause Fear               Hex            1%         N/A       82%         4
 Dimensional Bullseye     Hex/Tloc       1%         N/A       82%         4
 Dispel Undead            Necr           2%         3d7       82%         4
 Leda's Liquefaction      Alch/Erth      1%         N/A       82%         4
 Manifold Assault         Tloc           2%         N/A       82%         4
 Olgreb's Toxic Radiance  Alch           2%         N/A       82%         4
 Passage of Golubria      Tloc           2%         N/A       82%         4
 Petrify                  Alch/Erth      2%         N/A       82%         4
 Sticky Flame             Fire/Alch      2%         2d4       82%         4
 Vhi's Electric Charge    Tloc/Air       4%         N/A       82%         4
 Alistair's Intoxication  Alch           1%         N/A       99%         5
 Borgnjor's Vile Clutch   Necr/Erth      1%         N/A       99%         5
 Lee's Rapid Deconstruct  Erth           1%         3d4*      99%         5
 Metabolic Englaciation   Hex/Ice        1%         N/A       99%         5
 Yara's Violent Unravell  Hex/Alch       1%         3d3       99%         5
 Bombard                  Conj/Erth      7%         9d2       100%        6
 Conjure Ball Lightning   Conj/Air       7%         3x3d6     100%        6
 Dispersal                Tloc           1%         N/A       100%        6
 Eringya's Noxious Bog    Alch           1%         4d6       100%        6
 Plasma Beam              Fire/Air       1%         2x1d11    100%        6
 Starburst                Conj/Fire      7%         6d4       100%        6
 Orb of Destruction       Conj           13%        9d7       100%        7
 Ozocubu's Refrigeration  Ice            1%         4d7       100%        7
 Disjunction              Tloc           1%         N/A       100%        8
 Ignition                 Fire           1%         3d3       100%        8
 Maxwell's Capacitive Co  Air            1%         death     100%        8
 Chain Lightning          Conj/Air       7%         3d9       100%        9
 Polar Vortex             Ice            1%         N/A       100%        9
 Summon Small Mammal      Summ           Unusable   N/A       N/A         1
 Call Imp                 Summ           Unusable   N/A       N/A         2
 Call Canine Familiar     Summ           Unusable   N/A       N/A         3
 Summon Ice Beast         Ice/Summ       Unusable   N/A       N/A         3
 Tukima's Dance           Hex            Unusable   N/A       N/A         3
 Martyr's Knell           Necr/Summ      Unusable   N/A       N/A         4
 Summon Lightning Spire   Summ/Air       Unusable   N/A       N/A         4
 Summon Mana Viper        Hex/Summ       Unusable   N/A       N/A         5
 Death Channel            Necr           Unusable   N/A       N/A         6
 Sculpt Simulacrum        Ice/Alch       Unusable   N/A       N/A         6
 Summon Cactus Giant      Summ           Unusable   N/A       N/A         6
 Malign Gateway           Summ/Tloc      Unusable   N/A       N/A         7
 Monstrous Menagerie      Summ           Unusable   N/A       N/A         7
 Spellforged Servitor     Conj/Summ      Unusable   N/A       N/A         7

Inventory:

Hand Weapons
 a - the +10 hand cannon of Premature Burial (weapon) {penet, rElec rC- rN+ Str+5}
   (Okawaru gifted it to you on level 4 of the Lair of Beasts)

   Str+5:     It affects your strength (+5).
   rC-:       It makes you vulnerable to cold.
   rElec:     It insulates you from electricity.
   rN+:       It protects you from negative energy.
 b - the +12 sling of Spontaneous Combustion (offhand) {heavy, rC++ Str-4 Dex+4 Stlth+}
   (You found it on level 1 of the Crypt)

   Str-4:     It affects your strength (-4).
   Dex+4:     It affects your dexterity (+4).
   rC++:      It greatly protects you from cold.
   Stlth+:    It makes you more stealthy.
Missiles
 w - 14 curare-tipped darts
 G - 5 throwing nets
Armour
 f - a +2 pair of gloves of dexterity (worn)
 q - a +2 pair of boots of flying (worn)
 u - the +4 hat of the Great Game (worn) {Rampage Will+}
   (You found it on level 4 of the Depths)

   Will+:     It increases your willpower.
   Rampage:   It bestows one free step when moving towards enemies.
 C - the +4 robe of the Cooper (worn) {rC+ Will++ Dex+6, nodragon}
   (You took it off Boris on level 5 of the Vaults)

   Dex+6:     It affects your dexterity (+6).
   rC+:       It protects you from cold.
   Will++:    It greatly increases your willpower.
 P - the +4 skin of Zhor {*Englaciate rC+++ SInv}
   (You took it off a spriggan on level 5 of the Lair of Beasts)

   *Englaciate: It radiates cold, occasionally slowing all nearby creatures who
   are not resistant to cold.
   rC+++:     It renders you almost immune to cold.
   SInv:      It lets you see invisible.
 W - the scarf of Day (worn) {repulsion, +Inv rPois rN+ Dex+3 SInv}
   (You bought it in a shop on level 2 of the Orcish Mines)

   Dex+3:     It affects your dexterity (+3).
   rPois:     It protects you from poison rN+: It protects you from negative
   energy.
   SInv:      It lets you see invisible.
   +Inv:      It lets you turn invisible.
Jewellery
 c - the amulet "Kitoa" (around neck) {Regen+ Str+3 Dex+2 Slay+3}
   (You found it in a bailey)

   [amulet of regeneration]

   Str+3:     It affects your strength (+3).
   Dex+2:     It affects your dexterity (+2).
   Slay+3:    It affects your accuracy & damage with ranged weapons and melee
   (+3).
   Regen+:    It increases your rate of health regeneration.
Wands
 h - a wand of roots (63)
 t - a wand of digging (25)
 T - a wand of quicksilver (42)
Scrolls
 m - 12 scrolls of immolation
 o - 3 scrolls of silence {!r}
 p - 6 scrolls of enchant armour
 r - 6 scrolls of enchant weapon
 v - 3 scrolls of brand weapon
 x - 9 scrolls of fog
 y - 7 scrolls of poison
 B - 16 scrolls of teleportation
 M - 16 scrolls of blinking
 R - 12 scrolls of fear
Potions
 d - 6 potions of berserk rage {!q}
 e - 7 potions of mutation {!q}
 g - 8 potions of invisibility
 i - 10 potions of enlightenment
 j - 3 potions of brilliance
 k - 8 potions of heal wounds
 l - 16 potions of curing
 z - 6 potions of cancellation
 A - 4 potions of magic
 I - 4 potions of ambrosia
 J - 4 potions of resistance
 L - 4 potions of haste
 U - 9 potions of might
Miscellaneous
 s - a lightning rod (4/4)


Message History

There is a stone staircase leading up, spattered with blood here.
Things that are here:
a +0 club; a gnoll skeleton You fly upwards.
There is a stone staircase leading down here.
Things that are here:
a +0 club; a gnoll skeleton Your graspers slow down.
A great orb of eyes comes into view.
You shoot a bolt.
The bolt pierces through the great orb of eyes!
The great orb of eyes is moderately wounded.
You shoot a sling bullet.
The sling bullet hits the great orb of eyes!
The great orb of eyes is heavily wounded.
You shoot a bolt.
The bolt pierces through the great orb of eyes.
The great orb of eyes is heavily wounded.
You shoot a sling bullet.
The sling bullet hits the great orb of eyes!!
You kill the great orb of eyes!
Okawaru accepts your kill.
(D) Dungeon (T) Temple (L) Lair (S) Swamp (N) Spider Nest (M) Slime Pits (O) Orcish Mines (E) Elven Halls (V) Vaults (C) Crypt (W) Tomb (U) Depths (H) Hell (Z) Zot
Where to? (Tab/Enter - D:3 @ (x,y), ? - help)
There is an open door here.
There is a stone staircase leading up here.
You fly upwards.
There is a stone staircase leading down here.
There is an open door here.
You reach down and open the door.
There is an open door here.
There is a stone staircase leading up here.
You feel yourself speed up.
You fly upwards.
There is a stone staircase leading down here.
There is a staircase leading out of the dungeon here.
You have escaped!

#..........########## #...#
.....%....###.......# #..##
#..........##.#####.######..#####
........>...#.# #.#............
#..........##.# #.#......####..
...........##.#####.#..###.#....#
#..........##.#.#.#.#..# #.#.####
##.........##.......#..# #.#.#
...........##...@...#..###.#.#
###........##.......#........# #
#.........#.#.#.#.#.......##
#.........#.#####.#...##.[##
#........#8.8###8.8...##...##
###........#...##......###.#..###
.%....................####.##....
.####.####........###.###..##....
.#....###..........##..##.#......


There were no monsters in sight!

Vanquished Creatures
  5 dread liches
  Frederick (Vaults:2)
  3 ancient liches
  7 orbs of fire
  A juggernaut (Depths:4)
  Xtahua (Crypt:3)
  Sojobo (Depths:4)
  Josephina (Crypt:1)
  Boris (twice) (Depths:2 Vaults:5)
  5 Killer Klowns (Zot:5)
  Saint Roka (Vaults:5)
  Bai Suzhen (Crypt:1)
  Margery (Vaults:5)
  A caustic shrike (Depths:3)
  9 golden dragons
  Jory (Crypt:3)
  Nikola (Swamp:1)
  2 bone dragons
  A Brimstone Fiend (Depths:1)
  A Tzitzimitl (Depths:2)
  3 electric golems
  A pandemonium lord (D:8)
  14 tentacled monstrosities
  Zenata (Elf:3)
  2 walking earthen tomes
  An Ice Fiend (D:8)
  25 Orb Guardians
  Asterion (Vaults:2)
  2 walking crystal tomes
  2 deep elf blademasters
  8 sphinxes
  2 deep elf master archers (Elf:3)
  4 liches
  4 titans
  7 quicksilver dragons
  A searing wretch (Vaults:5)
  2 ancient champions (Crypt:1)
  4 thorn hunters
  3 death cobs (Zot:1)
  14 storm dragons
  9 shadow dragons
  Donald (Vaults:3)
  10 tengu reavers
  3 revenants
  A daeva (D:10)
  A draconian monk (Zot:1)
  2 fenstrider witches
  12 frost giants
  21 vault wardens
  4 iron dragons
  11 fire giants
  2 protean progenitors (Zot:1)
  7 emperor scorpions (Spider:4)
  A draconian shifter (Depths:4)
  3 draconian knights
  An orc warlord (Vaults:3)
  Louise (D:15)
  2 deep elf elementalists (Elf:3)
  A balrug (Depths:2)
  9 deep elf sorcerers
  5 ghost moths
  A curse skull (Crypt:2)
  2 draconian scorchers
  9 ghouls
  2 spriggan defenders (Depths:3)
  21 ironbound preservers
  A caustic shrike skeleton (Crypt:3)
  19 very ugly things
  2 hydra skeletons (Swamp:4)
  A formless jellyfish (Vaults:1)
  6 ironbound thunderhulks
  2 green draconians
  11 stone giants
  10 vampire knights
  2 yellow draconians
  2 broodmothers (Spider:2)
  3 eleionomae
  8 war gargoyles
  3 deep elf demonologists (Elf:3)
  A lorocyproca (Zot:1)
  4 dire elephants
  7 bunyips
  A spark wasp (Spider:3)
  2 purple draconians
  4 black draconians (Zot:1)
  7 deep elf annihilators (Elf:3)
  12 deep elf death magi
  2 white draconians (Depths:4)
  A minotaur (Gauntlet)
  3 red draconians
  2 eidola
  2 merfolk javelineers
  A blizzard demon (Depths:2)
  11 yaktaur captains
  14 jiangshi
  7 ettins
  4 crystal guardians
  An entropy weaver (shapeshifter) (Elf:1)
  7 deep elf high priests
  6 entropy weavers
  11 fire dragons
  7 great orbs of eyes
  A quicksilver dragon zombie (Crypt:1)
  9 rakshasas
  9 ice dragons
  3 shambling mangroves
  10 hydras
  3 spriggan zombies (Crypt:3)
  A fenstrider witch zombie (Crypt:1)
  Fannar (Lair:1)
  35 vault guards
  2 jorogumos
  4 spriggan air magi
  3 ogre magi
  8 centaur warriors
  4 death knights
  3 catoblepae
  A spriggan skeleton (Crypt:3)
  2 peacekeepers
  7 alligators
  9 ironbound frosthearts
  A fenstrider witch skeleton (Crypt:1)
  A radroach (Spider:1)
  15 two-headed ogres
  33 dancing weapons
  3 hell hogs (Depths:2)
  9 boulder beetles
  An Orb Guardian skeleton (Crypt:2)
  16 tengu warriors
  5 death yaks (Gauntlet)
  A deep troll shaman (Depths:2)
  7 orc high priests
  6 deep troll earth magi
  15 spriggan berserkers
  A quicksilver ooze zombie (Crypt:1)
  8 vampire magi
  2 thrashing horrors (Lair:5)
  12 hell knights
  A titan zombie (Crypt:3)
  3 sun demons
  A shock serpent (shapeshifter) (Vaults:5)
  2 occultists (Depths:4)
  13 deep elf knights
  4 demonic crawlers
  2 skysharks (Lair:5)
  2 storm dragon skeletons (D:15)
  10 iron trolls
  3 soul eaters (Depths:2)
  44 skeletal warriors
  3 shadow wraiths
  2 quicksilver dragon simulacra (Depths:2)
  7 goliath frogs
  An anaconda zombie (Crypt:2)
  4 pharaoh ants
  A sun moth (Spider:4)
  10 glowing orange brains
  50 deep trolls
  A bunyip skeleton (Crypt:1)
  5 orb spiders
  3 arcanists
  7 spriggan druids
  4 spectral hydras (Swamp:4)
  A deep troll (shapeshifter) (Elf:2)
  2 steelbarb worms (shapeshifter)
  3 flayed ghosts
  A spriggan simulacrum (Crypt:2)
  10 lindwurms
  12 deep elf archers
  10 bog bodies
  18 ironbound convokers
  8 swamp dragons
  9 phantasmal warriors
  A tengu zombie (Vaults:3)
  6 steelbarb worms
  14 orc knights
  29 deep elf pyromancers
  An orange crystal statue (Zot:5)
  2 elf skeletons (Vaults:2)
  4 oklob plants
  4 orc sorcerers
  20 wolf spiders
  2 shining eyes (shapeshifter)
  2 cyclopes
  21 necromancers
  50 ugly things
  15 deep elf zephyrmancers
  A frost giant zombie (Vaults:3)
  2 will-o-the-wisps
  3 manticores
  A centaur zombie (Crypt:1)
  A tengu skeleton (Crypt:1)
  5 black mambas
  2 elephants (shapeshifter)
  An ice statue (Depths:2)
  A stone giant zombie (Vaults:2)
  An alligator snapping turtle zombie (Crypt:2)
  A draconian skeleton (Crypt:3)
  15 moths of wrath
  2 moths of wrath (shapeshifter)
  32 elephants
  A meliai (shapeshifter) (Elf:2)
  Joseph (D:7)
  11 vault sentinels
  3 gargoyles (D:11)
  A human skeleton (Vaults:3)
  A smoke demon (Lair:5)
  3 orange demons
  An unseen horror (D:13)
  A torpor snail (shapeshifter) (Vaults:5)
  2 large abominations (Lair:5)
  3 torpor snails
  A dire elephant skeleton (Crypt:3)
  A hellion (D:4)
  A titan simulacrum (Crypt:1)
  3 rime drakes
  14 cane toads
  A kobold demonologist (D:13)
  41 yaktaurs
  A black draconian zombie (Crypt:1)
  A centaur skeleton (Crypt:3)
  9 freezing wraiths
  10 komodo dragons
  A death yak skeleton (Crypt:1)
  A grey draconian skeleton (Crypt:2)
  A swamp worm zombie (Crypt:1)
  2 ice devils (Depths:2)
  9 tengu conjurers
  A bunyip simulacrum (Crypt:1)
  2 polar bears (shapeshifter)
  A harpy zombie (Crypt:2)
  A red devil (D:11)
  2 hydra zombies
  4 hellwings
  2 queen bees (shapeshifter)
  4 trolls
  4 polar bears
  4 bloated husks
  10 tyrant leeches
  5 harpy skeletons
  11 hornets
  22 tarantellas
  2 raiju (Lair:5)
  A tarantella (shapeshifter) (Lair:5)
  A dream sheep (shapeshifter) (D:14)
  2 dream sheep (Lair:3)
  16 blink frogs
  A fire dragon zombie (Crypt:3)
  28 jumping spiders
  A glass eye (Depths:4)
  A stone giant simulacrum (Vaults:2)
  An iron dragon simulacrum (Crypt:1)
  19 culicivoras
  5 water elementals
  46 slime creatures
  A ynoxinul (Lair:5)
  A shadow (D:13)
  A naga simulacrum (Crypt:1)
  8 spriggans
  Sigmund (D:4)
  An ettin skeleton (Vaults:2)
  58 yaks
  5 wraiths
  A fire bat (Lair:3)
  10 small abominations (Lair:5)
  2 wyverns (Lair:3)
  Eustachio (D:5)
  7 humans (D:14)
  11 basilisks
  2 wargs
  5 fire elementals
  8 vampire mosquitoes
  Grum (D:10)
  68 redbacks
  6 chaos spawn
  2 steam dragons
  10 swamp worms
  3 acid dragons
  2 swamp worms (shapeshifter) (Vaults:5)
  A naga zombie (Crypt:3)
  A hydra simulacrum (Swamp:4)
  A water moccasin (shapeshifter) (D:14)
  5 hell hounds (Zot:1)
  14 water moccasins
  3 swamp dragon zombies (Swamp:4)
  An ogre skeleton (Vaults:3)
  38 orc warriors
  7 swamp drakes
  3 black bears
  9 ice beasts
  31 laughing skulls
  2 sky beasts
  5 ettin simulacra (Depths:2)
  An ogre (shapeshifter) (Elf:2)
  19 wolves
  A boggart (D:14)
  13 centaurs
  7 ogres
  A phantom (D:6)
  3 kobold brigands
  An elf zombie (Crypt:2)
  11 bullfrogs
  3 gnoll sergeants
  3 scorpions
  10 earth elementals
  A water moccasin zombie (D:7)
  6 wights (D:10)
  8 killer bees
  10 howler monkeys
  2 wolf zombies (Crypt:2)
  5 electric eels
  A bombardier beetle (D:5)
  A lava snake (D:8)
  4 jellies
  32 orc priests
  Crazy Yiuf (D:4)
  4 hounds
  5 gnoll boudas
  A sleepcap (D:5)
  5 iguanas
  11 orc wizards
  Natasha (thrice) (D:4)
  A killer bee zombie (D:7)
  A sky beast zombie (Crypt:2)
  27 gnolls
  4 adders
  2 swamp drake zombies (Swamp:4)
  A swamp drake skeleton (Swamp:4)
  A shadow imp (D:5)
  2 white imps (D:8)
  3 ufetubi
  A ribbon worm (shapeshifter) (Lair:5)
  A ribbon worm (D:2)
  68 orcs
  4 ball pythons
  5 bats
  6 endoplasms
  3 giant cockroaches
  6 goblins
  7 hobgoblins
  4 jackals (D:5)
  7 quokkas
  A giant cockroach zombie (Crypt:1)
  27 kobolds
  A kobold zombie (Crypt:1)
  An orc zombie (Crypt:1)
  7 rats
2245 creatures vanquished.

Vanquished Creatures (collateral kills)
  A gnoll bouda (D:7)
1 creature vanquished.

Vanquished Creatures (others)
  A fire giant (Depths:4)
  A yellow draconian (Zot:1)
  A vault guard (D:14)
  A skeletal warrior (Crypt:3)
  2 water elementals (Depths:3)
  2 foxfires (Swamp:3)
8 creatures vanquished.

Grand Total: 2254 creatures vanquished

Notes
Turn   | Place    | Note
-------+----------+-------------------------------------------
     0 | D:1      | elliptic the Coglin Conjurer began the quest for the Orb.
     0 | D:1      | Reached XP level 1. HP: 13/13 MP: 3/3
    51 | D:1      | Found Wubyos's Jewellery Boutique.
    53 | D:1      | what
   345 | D:1      | Reached XP level 2. HP: 19/19 MP: 2/4
   357 | D:1      | Learned a level 2 spell: Searing Ray
  1208 | D:1      | Reached XP level 3. HP: 24/24 MP: 1/6
  1762 | D:2      | ugh
  1766 | D:2      | Reached XP level 4. HP: 30/30 MP: 2/7
  1944 | D:2      | hm
  2233 | D:2      | Reached XP level 5. HP: 35/35 MP: 3/8
  2288 | D:2      | Found a faded altar of an unknown god.
  3131 | D:3      | okay
  3545 | D:4      | Noticed Natasha
  3547 | D:4      | oops
  3550 | D:4      | Killed Natasha
  3551 | D:4      | Reached skill level 1 in Fighting
  3603 | D:4      | Noticed Sigmund
  3604 | D:4      | why
  3604 | D:4      | hmmmm
  3630 | D:4      | sigh
  3635 | D:4      | that was too greedy
  3655 | D:4      | Reached skill level 1 in Ranged Weapons
  3712 | D:4      | sigh
  3748 | D:4      | very stupid of me
  3783 | D:4      | ...
  3790 | D:4      | Reached XP level 6. HP: 38/44 MP: 3/9
  3790 | D:4      | Noticed Natasha
  3793 | D:4      | okay
  3799 | D:4      | Killed Natasha
  3900 | D:5      | Entered Level 5 of the Dungeon
  3900 | D:5      | Noticed Eustachio
  3910 | D:5      | Killed Eustachio
  3911 | D:5      | Reached skill level 3 in Ranged Weapons
  4177 | D:5      | Reached skill level 3 in Fighting
  4177 | D:5      | Reached XP level 7. HP: 52/52 MP: 2/10
  4249 | D:5      | oh
  4249 | D:5      | eh
  5091 | D:6      | Found an iron altar of Okawaru.
  5099 | D:6      | Became a worshipper of Warmaster Okawaru
  5445 | D:6      | Reached XP level 8. HP: 58/58 MP: 11/11
  5469 | D:6      | why
  5479 | D:6      | Reached skill level 6 in Ranged Weapons
  5799 | D:6      | Reached * piety under Okawaru
  5927 | D:9      | .......
  5938 | D:9      | okay
  5985 | D:7      | Noticed Joseph
  5996 | D:7      | hm
  6049 | D:7      | hm
  6051 | D:7      | Killed Joseph
  6052 | D:7      | Reached skill level 3 in Invocations
  6166 | D:7      | Found a shimmering blue altar of Sif Muna.
  6168 | D:7      | Found a shadowy altar of Dithmenos.
  6202 | D:7      | Found a flagged portal.
  6330 | D:7      | Reached XP level 9. HP: 58/65 MP: 10/12
  6357 | Bailey   | Entered a bailey
  6702 | Bailey   | hm
  6710 | Bailey   | Identified the amulet "Kitoa" {Regen+ Str+3 Dex+2 Slay+3}
  6711 | Bailey   | uh
  6711 | Bailey   | hmm
  6714 | Bailey   | okay
  6716 | Bailey   | Reached ** piety under Okawaru
  7044 | Bailey   | meh
  7149 | D:7      | Found a basalt altar of Yredelemnul.
  7367 | D:7      | Found a sacrificial altar of Ru.
  7467 | D:7      | Noticed a kobold demonologist
  7506 | D:7      | Found a blossoming altar of Fedhas.
  7565 | D:7      | Reached skill level 3 in Armour
  7568 | D:7      | Found Kikhlu's Antique Armour Boutique.
  7587 | D:7      | Bought a glowing ring mail for 154 gold pieces
  7587 | D:7      | Bought a runed leather armour for 110 gold pieces
  7957 | D:4      | Killed Sigmund
  8019 | D:4      | Found a runed translucent door.
  8020 | D:4      | Noticed Crazy Yiuf
  8161 | D:4      | Noticed Natasha
  8164 | D:4      | Killed Natasha
  8308 | D:7      | Bought a helmet for 99 gold pieces
  8357 | D:8      | Reached XP level 10. HP: 58/74 MP: 13/13
  8469 | D:8      | Reached *** piety under Okawaru
  8470 | D:8      | Reached skill level 3 in Dodging
  8588 | D:8      | Reached skill level 9 in Ranged Weapons
  8621 | D:8      | Reached skill level 6 in Fighting
  8630 | D:8      | Found a staircase to the Lair.
  8798 | D:8      | Noticed a two-headed ogre
  8807 | D:8      | sigh
  8808 | D:8      | Killed a two-headed ogre
  9035 | D:8      | Reached **** piety under Okawaru
  9268 | D:9      | Gained mutation: Your body sometimes deteriorates upon
                  | taking damage. [potion of mutation]
  9268 | D:9      | Gained mutation: You are weak. (Str -2) [potion of
                  | mutation]
  9269 | D:9      | Lost mutation: You are weak. (Str -2) [potion of mutation]
  9269 | D:9      | Lost mutation: Your body sometimes deteriorates upon taking
                  | damage. [potion of mutation]
  9269 | D:9      | Gained mutation: You are strong-willed. (Will+) [potion of
                  | mutation]
  9269 | D:9      | Gained mutation: You have a somewhat thin skeletal
                  | structure. (Dex +2, Stealth+) [potion of mutation]
  9420 | D:9      | Reached skill level 6 in Dodging
  9708 | D:10     | Entered Level 10 of the Dungeon
  9880 | D:10     | Reached skill level 6 in Armour
  9896 | D:10     | Noticed Grum
 10170 | D:10     | Killed Grum
 10171 | D:10     | Reached XP level 11. HP: 84/84 MP: 11/14
 10314 | D:10     | Reached skill level 9 in Armour
 10430 | D:10     | Noticed an orc knight
 10434 | D:10     | hm
 10479 | D:10     | Killed an orc knight
 10697 | D:10     | Found a broken altar of Ashenzari.
 10822 | D:10     | Reached ***** piety under Okawaru
 11019 | D:10     | what
 11040 | D:10     | Found a roughly hewn altar of Beogh.
 11198 | D:11     | Received a gift from Okawaru
 11308 | D:11     | Acquired a +1 sling of flaming
 11692 | D:11     | Reached skill level 9 in Fighting
 12020 | D:11     | Received a gift from Okawaru
 12112 | D:11     | eh
 12164 | D:12     | Found a staircase to the Orcish Mines.
 12205 | D:12     | Noticed a manticore
 12211 | D:12     | hm
 12218 | D:12     | Killed a manticore
 12219 | D:12     | Reached XP level 12. HP: 48/96 MP: 13/15
 12260 | D:12     | hm
 12295 | D:12     | Found a transporter.
 12304 | D:12     | why
 12452 | Lair:1   | Entered Level 1 of the Lair of Beasts
 12541 | Lair:1   | Reached skill level 9 in Dodging
 12692 | Lair:1   | Received a gift from Okawaru
 12847 | Lair:1   | Noticed Fannar
 12998 | Lair:2   | Noticed a six-headed hydra
 13003 | Lair:2   | Killed a six-headed hydra
 13109 | Lair:1   | Killed Fannar
 13110 | Lair:1   | Received a gift from Okawaru
 13548 | Lair:2   | Found a staircase to the Swamp.
 13620 | Lair:2   | Reached skill level 12 in Ranged Weapons
 13620 | Lair:2   | Gained mutation: Your flesh is cold resistant. (rC+)
                  | [Coglin growth]
 13620 | Lair:2   | Gained mutation: Your flesh is heat resistant. (rF+)
                  | [Coglin growth]
 13620 | Lair:2   | Reached XP level 13. HP: 103/103 MP: 16/16
 13698 | Lair:2   | Identified the +2 leather armour "Hoisacw" {Rampage Int+2}
 14350 | Lair:3   | Received a gift from Okawaru
 14736 | Lair:3   | Found a hole to the Spider Nest.
 15354 | Lair:4   | Reached ****** piety under Okawaru
 15355 | Lair:4   | Acquired the orb of Tartarus {light, rElec rF+ SInv Air}
 15355 | Lair:4   | Received a gift from Okawaru
 15358 | Lair:4   | Acquired the +10 hand cannon of Premature Burial {penet,
                  | rElec rC- rN+ Str+5}
 15358 | Lair:4   | Received a gift from Okawaru
 15407 | Lair:4   | Received a gift from Okawaru
 15411 | Lair:4   | Reached skill level 6 in Invocations
 15701 | Lair:4   | Reached XP level 14. HP: 110/110 MP: 17/19
 15742 | Lair:4   | Received a gift from Okawaru
 16148 | Lair:5   | Entered Level 5 of the Lair of Beasts
 16429 | Lair:5   | Received a gift from Okawaru
 16430 | Lair:5   | Reached skill level 15 in Ranged Weapons
 16511 | Lair:5   | Found a runed translucent door.
 16512 | Lair:5   | Noticed an acid blob
 16515 | Lair:5   | Found a staircase to the Slime Pits.
 17010 | Lair:5   | Received a gift from Okawaru
 17019 | Lair:5   | Identified the ring "Bih Foce" {EV+5 Int+4}
 17020 | Lair:5   | nice
 17023 | Lair:5   | Found a corrupted altar of Lugonu.
 17023 | Lair:5   | Found a one-way gate to the infinite horrors of the Abyss.
 17473 | D:4      | Killed Crazy Yiuf
 17663 | D:7      | Found a staircase to the Ecumenical Temple.
 18080 | D:12     | Found a transporter.
 18146 | D:12     | Noticed Sun Gecaam's ghost (journeyman DEHW)
 18215 | Orc:1    | Entered Level 1 of the Orcish Mines
 18215 | Orc:1    | Found Zumeeh's Book Shoppe.
 18229 | Orc:1    | Reached XP level 15. HP: 113/117 MP: 15/21
 18368 | Orc:2    | Entered Level 2 of the Orcish Mines
 18372 | Orc:2    | Received a gift from Okawaru
 18497 | Orc:2    | Found a staircase to the Elven Halls.
 18591 | Orc:1    | Found Ymehod's General Store.
 18591 | Orc:1    | Found Lyamus Ecul's Specific Store.
 18604 | Orc:1    | Bought a scroll of teleportation for 30 gold pieces
 18857 | Orc:2    | Received a gift from Okawaru
 18973 | Orc:2    | Found Wiuvaq's Antique Armour Boutique.
 18974 | Orc:2    | Found Ebioczy's Antique Armour Shop.
 18974 | Orc:2    | Found Daetsuul's Assorted Antiques.
 18975 | Orc:2    | Found Xemuoc's Armour Boutique.
 18984 | Orc:2    | Bought a bubbling puce potion for 22 gold pieces
 19296 | Orc:2    | Bought a dazzling scarf for 220 gold pieces
 19296 | Orc:2    | Identified the scarf of the Stone Wall {shadows, -Cast
                  | rPois Dex+2 SInv} (You bought it in a shop on level 2 of
                  | the Orcish Mines)
 19300 | Orc:2    | Bought the scarf of Day {repulsion, +Inv rPois rN+ Dex+3
                  | SInv} for 643 gold pieces
 19310 | Orc:2    | Bought a +0 pair of gloves for 67 gold pieces
 19319 | Orc:2    | Bought a glowing helmet for 165 gold pieces
 19331 | Orc:2    | Bought a transparent robe for 142 gold pieces
 19331 | Orc:2    | Identified the +2 robe of the Endless Expanse {rC- Regen+
                  | Str-3 Int+7} (You bought it in a shop on level 2 of the
                  | Orcish Mines)
 19490 | D:13     | Found a gate leading to a gauntlet.
 19495 | D:13     | Got the Atlas of Massed Bad Luck
 19498 | D:13     | Identified the +0 plate armour of the Shoals {rPois Str+2}
 19503 | Gauntlet | Entered a Gauntlet
 19503 | Gauntlet | Found a transporter.
 19503 | Gauntlet | Found a transporter.
 19512 | Gauntlet | Found a transporter.
 19515 | Gauntlet | Found a transporter.
 19527 | Gauntlet | Found a transporter.
 19528 | Gauntlet | Found a transporter.
 19543 | Gauntlet | Found a transporter.
 19554 | Gauntlet | Found a transporter.
 19568 | Gauntlet | Found a transporter.
 19572 | Gauntlet | Found a transporter.
 19583 | Gauntlet | Found a transporter.
 19587 | Gauntlet | Found a transporter.
 19623 | Gauntlet | Received a gift from Okawaru
 19722 | Gauntlet | Identified the +0 cloak "Ziypreora" {rC++}
 19749 | Gauntlet | Got the Cyclopedia of the Old and Reckless
 19752 | Gauntlet | Identified the +2 robe "Xupn" {rPois rC++ SInv}
 19831 | D:13     | Found a shadowy altar of Dithmenos.
 20526 | D:14     | Reached skill level 18 in Ranged Weapons
 20691 | D:14     | Reached XP level 16. HP: 125/125 MP: 22/22
 20788 | D:14     | Received a gift from Okawaru
 20990 | D:14     | Identified the +6 rapier of Vuhyo {flame, rN+}
 21868 | D:14     | Reached skill level 12 in Fighting
 21891 | D:14     | Found a gate to the Vaults.
 21981 | D:15     | Entered Level 15 of the Dungeon
 22009 | D:15     | Received a gift from Okawaru
 22103 | D:15     | Noticed Louise
 22113 | D:15     | Killed Louise
 22203 | D:15     | Noticed Nessos
 22204 | D:15     | Nessos changed into Nessos the manticore
 22204 | D:15     | Noticed Nessos
 22208 | D:15     | Killed Nessos the manticore
 22659 | D:15     | Found a staircase to the Depths.
 23195 | Spider:1 | Entered Level 1 of the Spider Nest
 23480 | Spider:1 | Reached skill level 12 in Dodging
 23907 | Spider:1 | Received a gift from Okawaru
 24071 | Spider:2 | Reached skill level 9 in Invocations
 24120 | Spider:2 | Reached XP level 17. HP: 131/136 MP: 0/23
 25140 | Spider:2 | Received a gift from Okawaru
 26115 | Spider:4 | Entered Level 4 of the Spider Nest
 26205 | Spider:4 | Received a gift from Okawaru
 27152 | Spider:4 | Received a gift from Okawaru
 27236 | Spider:4 | Got a gossamer rune of Zot
 27296 | Spider:4 | Reached XP level 18. HP: 148/148 MP: 12/25
 27623 | Elf:1    | Entered Level 1 of the Elven Halls
 27700 | Elf:1    | Reached skill level 15 in Fighting
 27858 | Elf:1    | Found Xacomid's Weapon Shop.
 27875 | Elf:1    | Found Qeokh's Book Shoppe.
 27916 | Elf:1    | Received a gift from Okawaru
 28177 | Elf:1    | Found Goobihyc's General Store.
 28801 | Elf:2    | Found a runed translucent gate.
 28801 | Elf:2    | Found a runed translucent gate.
 28803 | Elf:2    | Found a runed translucent gate.
 28984 | Elf:2    | Received a gift from Okawaru
 29293 | Elf:2    | Noticed a deep elf blademaster
 29299 | Elf:2    | Killed a deep elf blademaster
 29337 | Elf:2    | Reached skill level 15 in Dodging
 29644 | Elf:3    | Entered Level 3 of the Elven Halls
 29645 | Elf:3    | Noticed Zenata
 29682 | Elf:3    | Killed Zenata
 29853 | Elf:3    | Received a gift from Okawaru
 29888 | Elf:3    | Identified the +7 quarterstaff "Semmaqi" {flame, rCorr
                  | Dex+6}
 30123 | Elf:3    | Reached XP level 19. HP: 107/159 MP: 26/26
 30526 | Orc:1    | Bought a scroll of revelation for 75 gold pieces
 30657 | Vaults:1 | Entered Level 1 of the Vaults
 30874 | Vaults:1 | Received a gift from Okawaru
 30895 | Vaults:1 | Found a transporter.
 30895 | Vaults:1 | Found Ukhlian's Weapon Boutique.
 30943 | Vaults:1 | Found a transporter.
 30982 | Vaults:1 | Noticed a golden dragon
 30996 | Vaults:1 | Killed a golden dragon
 31248 | Vaults:1 | Received a gift from Okawaru
 31405 | Vaults:1 | Found the +8 demon trident "Rift" {distort, reach+}
 31893 | Vaults:2 | Reached skill level 18 in Fighting
 31902 | Vaults:2 | Received a gift from Okawaru
 32110 | Vaults:2 | Noticed Asterion
 32116 | Vaults:2 | Killed Asterion
 32119 | Vaults:2 | Received a gift from Okawaru
 32123 | Vaults:2 | Identified the orb of Qihaq {light, ^Contam Rampage rN+
                  | Int+7}
 32123 | Vaults:2 | Noticed Frederick
 32134 | Vaults:2 | Reached XP level 20. HP: 172/172 MP: 23/27
 32140 | Vaults:2 | Killed Frederick
 32259 | Vaults:2 | Found Camupp's Book Shoppe.
 32687 | Vaults:2 | Found a staircase to the Crypt.
 32783 | Vaults:2 | Received a gift from Okawaru
 33209 | Vaults:3 | Identified the +3 kite shield of Hedging {rElec rN++ Int+6}
 33209 | Vaults:3 | Noticed Donald
 33218 | Vaults:3 | Killed Donald
 33286 | Vaults:3 | Reached skill level 18 in Dodging
 33402 | Vaults:3 | Received a gift from Okawaru
 34036 | Vaults:4 | Received a gift from Okawaru
 34483 | Vaults:4 | Reached XP level 21. HP: 183/183 MP: 27/29
 34814 | Vaults:4 | Received a gift from Okawaru
 34968 | Vaults:4 | Found a portal to a secret trove of treasure.
 35175 | Vaults:4 | You paid a toll of a +5 demon blade to enter a treasure
                  | trove
 35176 | Trove    | Entered a treasure trove
 35213 | Trove    | Got the Elucidation of Aeromancy and the Legion
 35240 | Trove    | Identified the staff of Watchfulness {Fly Conj}
 35713 | Crypt:1  | Entered Level 1 of the Crypt
 35753 | Crypt:1  | Reached skill level 12 in Invocations
 35886 | Crypt:1  | Received a gift from Okawaru
 36298 | Crypt:1  | Identified the +12 sling of Spontaneous Combustion {heavy,
                  | rC++ Str-4 Dex+4 Stlth+}
 36300 | Crypt:1  | interesting
 36300 | Crypt:1  | probably good?
 36475 | Crypt:1  | Noticed Bai Suzhen
 36478 | Crypt:1  | Identified the ring "Unlus" {Ice Int+2}
 36478 | Crypt:1  | Noticed Josephina
 36489 | Crypt:1  | Killed Bai Suzhen
 36489 | Crypt:1  | Received a gift from Okawaru
 36490 | Crypt:1  | Killed Josephina
 36927 | Crypt:2  | Received a gift from Okawaru
 36934 | Crypt:2  | Reached skill level 21 in Fighting
 36998 | Crypt:2  | Found a basalt altar of Yredelemnul.
 37287 | Crypt:2  | Reached XP level 22. HP: 194/194 MP: 31/31
 37756 | Crypt:3  | Entered Level 3 of the Crypt
 37783 | Crypt:3  | Received a gift from Okawaru
 37796 | Crypt:3  | Noticed Jory
 37807 | Crypt:3  | Killed Jory
 37993 | Crypt:3  | Received a gift from Okawaru
 38121 | Crypt:3  | Noticed Xtahua
 38133 | Crypt:3  | Killed Xtahua
 38292 | Crypt:3  | Noticed an ancient lich
 38301 | Crypt:3  | Killed an ancient lich
 38302 | Crypt:3  | Found an ancient bone altar of Kikubaaqudgha.
 38357 | Crypt:3  | Found a staircase to the Tomb.
 38406 | Crypt:3  | Identified the staff of Chance {Fly rN+ Necro Earth}
 38968 | Elf:3    | Received a gift from Okawaru
 39123 | Elf:3    | Identified the +2 chain mail of the Grue {^Contam rPois
                  | rN+++ Str+3}
 39133 | Elf:3    | Identified the amulet "Qonk" {Acrobat rF+ Will- Str+3}
 39203 | Elf:3    | Found the ring of the Tortoise {AC+8}
 39212 | Elf:3    | Got the Anthology of Allies and Hurting
 39220 | Elf:3    | Found the +27 heavy crossbow "Sniper" {heavy, Acc+∞ SInv}
 39236 | Elf:3    | Identified the +2 short sword "Quehalargh" {heavy, Str+4
                  | Stlth+}
 39609 | Depths:1 | Entered Level 1 of the Depths
 39730 | Depths:1 | Received a gift from Okawaru
 39738 | Depths:1 | Reached skill level 21 in Dodging
 39763 | D:15     | Reached XP level 23. HP: 195/203 MP: 33/33
 39946 | Depths:2 | Noticed a golden dragon
 40047 | Depths:1 | Found a gateway to Hell.
 40058 | Depths:1 | Found a one-way gate leading to the halls of Pandemonium.
 40503 | Depths:2 | Received a gift from Okawaru
 40536 | Depths:2 | Found a basalt altar of Yredelemnul.
 40550 | Depths:2 | Identified the +0 helmet of Ru, Teaching {^Contam rCorr
                  | Int+6 Dex-2}
 40625 | Depths:2 | Identified the +2 robe of the Fabulous God {Str-5 Int+3
                  | Slay+2}
 40625 | Depths:2 | Noticed Boris
 40637 | Depths:2 | Killed Boris
 40667 | Depths:2 | Reached skill level 15 in Invocations
 40674 | Depths:2 | Received a gift from Okawaru
 40944 | Depths:2 | Noticed a golden dragon
 40951 | Depths:2 | Killed a golden dragon
 40951 | Depths:2 | Received a gift from Okawaru
 40970 | Depths:2 | Found a glowing silver altar of Zin.
 41014 | Depths:2 | Killed a golden dragon
 41058 | Depths:2 | Found a white marble altar of Elyvilon.
 41223 | Depths:2 | Identified the +5 chain mail of the Bright Grue {rElec}
 41239 | Depths:2 | Identified the +7 plate armour of Neil {^Contam rC+ Str+5
                  | Int+3}
 41368 | Depths:2 | Found a glowing golden altar of the Shining One.
 41494 | Depths:3 | Found a one-way gateway to a ziggurat.
 41555 | Depths:3 | Reached XP level 24. HP: 215/215 MP: 34/34
 41578 | Depths:3 | Received a gift from Okawaru
 41622 | Depths:3 | Noticed a caustic shrike
 41628 | Depths:3 | Killed a caustic shrike
 41629 | Depths:3 | Reached skill level 24 in Fighting
 41641 | Depths:3 | Found Aqer's Weapon Boutique.
 41658 | Depths:3 | Found a flickering gateway to a bazaar.
 41671 | Bazaar   | Entered a bazaar
 41685 | Bazaar   | Found Oma Wac's Weapon Emporium.
 41701 | Bazaar   | Found Kodusar's General Store.
 41717 | Bazaar   | Found Qyoroad's Book Emporium.
 41733 | Bazaar   | Found Jurecy Gadu's Armour Shoppe.
 41799 | Bazaar   | Acquired a manual of Armour
 41802 | Bazaar   | Bought a scroll of acquirement for 728 gold pieces
 41802 | Bazaar   | Acquired a manual of Spellcasting
 41804 | Bazaar   | Bought a scroll of revelation for 105 gold pieces
 41804 | Bazaar   | Bought a scroll of fog for 56 gold pieces
 41830 | Bazaar   | Bought a +2 pair of boots of flying for 236 gold pieces
 42589 | Depths:3 | Found a corrupted altar of Lugonu.
 42820 | Depths:4 | Entered Level 4 of the Depths
 42824 | Depths:4 | Received a gift from Okawaru
 43129 | Depths:4 | Noticed Sojobo
 43143 | Depths:4 | Killed Sojobo
 43158 | Depths:4 | Noticed a juggernaut
 43164 | Depths:4 | Killed a juggernaut
 43563 | Depths:4 | Received a gift from Okawaru
 43723 | Depths:4 | Found a gate to the Realm of Zot.
 43775 | Depths:4 | Identified the +4 hat of the Great Game {Rampage Will+}
 44000 | Depths:4 | Upgraded the game from 0.32-a0-473-gd044c6f0f0 to
                  | 0.32-a0-485-g70f7560b1c
 44278 | Vaults:5 | Entered Level 5 of the Vaults
 44278 | Vaults:5 | Noticed Saint Roka
 44278 | Vaults:5 | Identified the +4 robe of the Cooper {rC+ Will++ Dex+6}
 44278 | Vaults:5 | Noticed Boris
 44306 | Vaults:5 | Reached XP level 25. HP: 230/230 MP: 32/34
 44313 | Vaults:5 | Received a gift from Okawaru
 44449 | Vaults:5 | Noticed a dread lich
 44457 | Vaults:5 | Killed a dread lich
 44487 | Vaults:5 | Received a gift from Okawaru
 44511 | Vaults:5 | Gained mutation: You have hidden genetic defects. [a
                  | shining eye]
 44524 | Vaults:5 | Reached skill level 27 in Fighting
 44558 | Vaults:5 | Noticed an ancient lich
 44561 | Vaults:5 | Killed an ancient lich
 44567 | Vaults:5 | Reached skill level 12 in Armour
 44569 | Vaults:5 | Noticed a dread lich
 44575 | Vaults:5 | Killed a dread lich
 44660 | Vaults:5 | Identified the +3 shortbow "Zegurioq" {speed, rN+ Int+4
                  | Dex-2 SInv}
 44675 | Vaults:5 | Gained mutation: You are clumsy. (Dex -2) [hidden defects]
 44740 | Vaults:5 | Noticed an ancient lich
 44753 | Vaults:5 | Killed an ancient lich
 44754 | Vaults:5 | Reached skill level 15 in Armour
 44827 | Vaults:5 | Killed Boris
 44844 | Vaults:5 | Received a gift from Okawaru
 44959 | Vaults:5 | Noticed a dread lich
 44978 | Vaults:5 | Killed a dread lich
 44987 | Vaults:5 | Gained mutation: You are frail. (-10% HP) [hidden defects]
 44987 | Vaults:5 | Lost mutation: You have hidden genetic defects. [hidden
                  | defects expressed]
 44996 | Vaults:5 | Lost mutation: You have a somewhat thin skeletal structure.
                  | (Dex +2, Stealth+) [potion of mutation]
 44996 | Vaults:5 | Lost mutation: You are frail. (-10% HP) [potion of
                  | mutation]
 44996 | Vaults:5 | Gained mutation: Your spells are a little harder to cast,
                  | but a little more powerful. [potion of mutation]
 44996 | Vaults:5 | Gained mutation: Your muscles are strong. (Str +4, Int/Dex
                  | -1) [potion of mutation]
 45019 | Vaults:5 | Killed Saint Roka
 45159 | Vaults:5 | Got a silver rune of Zot
 45204 | Vaults:5 | Got Sif Muna's Elucidation of the Zephyr
 45236 | Vaults:5 | Identified the +0 bardiche "Arbiter" {flame, rF++}
 45258 | Vaults:5 | Noticed Margery
 45264 | Vaults:5 | Killed Margery
 45265 | Vaults:5 | Reached XP level 26. HP: 219/242 MP: 34/34
 45400 | Vaults:5 | Got the Volume of Damage and Mustering
 45613 | Vaults:5 | Noticed a dread lich
 45620 | Vaults:5 | Killed a dread lich
 45620 | Vaults:5 | Received a gift from Okawaru
 45641 | Vaults:5 | Identified the +0 ring mail of Optimism {rPois Dex+4
                  | Slay-4}
 45650 | Vaults:5 | Identified the +9 broad axe of Quantum Leap {freeze, Dex+4}
 45747 | Vaults:5 | Lost mutation: You are clumsy. (Dex -2) [potion of
                  | mutation]
 45747 | Vaults:5 | Lost mutation: Your spells are a little harder to cast, but
                  | a little more powerful. [potion of mutation]
 45747 | Vaults:5 | Lost mutation: Your muscles are strong. (Str +4, Int/Dex
                  | -1) [potion of mutation]
 45747 | Vaults:5 | Gained mutation: You are highly strong-willed. (Will++)
                  | [potion of mutation]
 45747 | Vaults:5 | Lost mutation: You are highly strong-willed. (Will++)
                  | [potion of mutation]
 45747 | Vaults:5 | Gained mutation: Your flesh is very heat resistant. (rF++)
                  | [potion of mutation]
 46085 | Elf:1    | Bought a potion of haste for 120 gold pieces
 46085 | Elf:1    | Bought a potion of curing for 36 gold pieces
 46251 | Orc:2    | Bought a pair of embroidered boots for 165 gold pieces
 46529 | Depths:4 | wht
 46529 | Depths:4 | what
 46529 | Depths:4 | lol
 46892 | Swamp:1  | Entered Level 1 of the Swamp
 46932 | Swamp:1  | Noticed Nikola
 46938 | Swamp:1  | Killed Nikola
 47222 | Swamp:1  | Reached skill level 24 in Dodging
 47387 | Swamp:1  | Got the Precepts of Productive Ceration
 48379 | Swamp:4  | Entered Level 4 of the Swamp
 48381 | Swamp:4  | Received a gift from Okawaru
 48518 | Swamp:4  | Found a blossoming altar of Fedhas.
 48553 | Swamp:4  | Found a basalt altar of Yredelemnul.
 48566 | Swamp:4  | Got a mossy gem with 125 turns to spare
 48580 | Swamp:4  | Got a decaying rune of Zot
 48641 | Swamp:4  | Received a gift from Okawaru
 49212 | Zot:1    | Entered Level 1 of the Realm of Zot
 49213 | Zot:1    | Found a transporter.
 49217 | Zot:1    | Found a transporter.
 49219 | Zot:1    | Found a transporter.
 49219 | Zot:1    | Found a transporter.
 49433 | Zot:1    | Noticed an orb of fire
 49443 | Zot:1    | Killed an orb of fire
 49443 | Zot:1    | Received a gift from Okawaru
 49692 | Zot:2    | Reached XP level 27. HP: 249/249 MP: 34/34
 49737 | Zot:4    | Noticed an electric golem
 49745 | Zot:4    | Killed an electric golem
 49753 | Zot:5    | Entered Level 5 of the Realm of Zot
 49888 | Zot:5    | Identified the +1 scale mail "Zyppaeskut" {Str+9 Dex-3}
 49985 | Zot:5    | Noticed an orb of fire
 49994 | Zot:5    | Received a gift from Okawaru
 49997 | Zot:5    | Noticed an electric golem
 50002 | Zot:5    | Killed an orb of fire
 50003 | Zot:5    | Killed an electric golem
 50215 | Zot:5    | Got a prismatic gem with 9 turns to spare
 50232 | Zot:5    | Noticed an orb of fire
 50235 | Zot:5    | Gained mutation: You are frail. (-10% HP) [an orb of fire]
 50241 | Zot:5    | Killed an orb of fire
 50244 | Zot:5    | Noticed a dread lich
 50251 | Zot:5    | Killed a dread lich
 50279 | Zot:5    | Reached skill level 27 in Dodging
 50296 | Zot:5    | Received a gift from Okawaru
 50386 | Zot:5    | Lost mutation: Your flesh is very heat resistant. (rF++)
                  | [potion of mutation]
 50386 | Zot:5    | Lost mutation: You are frail. (-10% HP) [potion of
                  | mutation]
 50386 | Zot:5    | Lost mutation: You are strong-willed. (Will+) [potion of
                  | mutation]
 50386 | Zot:5    | Gained mutation: Your body sometimes deteriorates upon
                  | taking damage. [potion of mutation]
 50386 | Zot:5    | Gained mutation: You are partially covered in iridescent
                  | scales. (AC +2) [potion of mutation]
 50386 | Zot:5    | Gained mutation: You are mostly covered in iridescent
                  | scales. (AC +4) [potion of mutation]
 50402 | Zot:5    | Noticed an orb of fire
 50403 | Zot:5    | Noticed an orb of fire
 50405 | Zot:5    | Gained mutation: You occasionally lose the ability to read
                  | scrolls when taking damage. [an orb of fire]
 50406 | Zot:5    | Gained mutation: You sometimes lose the ability to read
                  | scrolls when taking damage. [an orb of fire]
 50406 | Zot:5    | Gained mutation: You have a pair of small horns on your
                  | head. [an orb of fire]
 50407 | Zot:5    | Killed an orb of fire
 50409 | Zot:5    | Noticed an orb of fire
 50412 | Zot:5    | Killed an orb of fire
 50412 | Zot:5    | Noticed an orb of fire
 50414 | Zot:5    | Noticed an orb of fire
 50418 | Zot:5    | Gained mutation: You are robust. (+10% HP) [an orb of fire]
 50421 | Zot:5    | Killed an orb of fire
 50421 | Zot:5    | Received a gift from Okawaru
 50423 | Zot:5    | Killed an orb of fire
 50424 | Zot:5    | Noticed an electric golem
 50426 | Zot:5    | Killed an electric golem
 50431 | Zot:5    | Lost mutation: You are robust. (+10% HP) [potion of
                  | mutation]
 50431 | Zot:5    | Lost mutation: You sometimes lose the ability to read
                  | scrolls when taking damage. [potion of mutation]
 50431 | Zot:5    | Lost mutation: You have a pair of small horns on your head.
                  | [potion of mutation]
 50431 | Zot:5    | Lost mutation: Your body sometimes deteriorates upon taking
                  | damage. [potion of mutation]
 50431 | Zot:5    | Gained mutation: Your system is resistant to poisons.
                  | (rPois) [potion of mutation]
 50432 | Zot:5    | Lost mutation: You are mostly covered in iridescent scales.
                  | (AC +4) [potion of mutation]
 50432 | Zot:5    | Lost mutation: Your system is resistant to poisons. (rPois)
                  | [potion of mutation]
 50432 | Zot:5    | Lost mutation: You occasionally lose the ability to read
                  | scrolls when taking damage. [potion of mutation]
 50432 | Zot:5    | Gained mutation: You passively dampen the noise of your
                  | surroundings. [potion of mutation]
 50432 | Zot:5    | Gained mutation: You are somewhat resistant to further
                  | mutation. [potion of mutation]
 50432 | Zot:5    | Gained mutation: You are frail. (-10% HP) [potion of
                  | mutation]
 50433 | Zot:5    | Lost mutation: You are frail. (-10% HP) [potion of
                  | mutation]
 50433 | Zot:5    | Lost mutation: You passively dampen the noise of your
                  | surroundings. [potion of mutation]
 50433 | Zot:5    | Lost mutation: You are somewhat resistant to further
                  | mutation. [potion of mutation]
 50433 | Zot:5    | Gained mutation: You occasionally lose the ability to drink
                  | potions when taking damage. [potion of mutation]
 50433 | Zot:5    | Gained mutation: You are mostly covered in iridescent
                  | scales. (AC +4) [potion of mutation]
 50433 | Zot:5    | Gained mutation: You are covered in fur. (AC +1) [potion of
                  | mutation]
 50433 | Zot:5    | Gained mutation: You are strong-willed. (Will+) [potion of
                  | mutation]
 50434 | Zot:5    | fine
 50435 | Zot:5    | Got the Orb of Zot
 50898 | D:8      | Noticed Vappoi Piynt the pandemonium lord
 50903 | D:8      | Killed Vappoi Piynt the pandemonium lord
 51055 | D:$      | Escaped with the Orb!

Levels and vault maps discovered:
D:1:      psy_arrival_basics, layout_rooms, serial_shops, shop,
          minmay_crystal_room
D:2:      layout_rooms, shapermc_ecumenical_altar_notcrosses,
          minmay_misc_feat_doors, minmay_misc_feat_secret_circle
D:3:      layout_basic, guppyfry_early_lair_pool
D:4:      layout_rooms, serial_bayou_crossing, uniq_sigmund,
          uniq_crazy_yiuf_cottage, uniq_natasha
D:5:      layout_cave_pools, uniq_eustachio
D:6:      layout_rooms, lemuel_round_altar
D:7:      layout_gridville, lemuel_zombie_altar_yredelemnul,
          fedhas_altar_fruit_tree, mainiacjoe_overflow_catwalk_spiral,
          hangedman_ru_absence, serial_shops, shop, enter_bailey_4,
          reono_crystal_passage, minmay_manual_monstrance, uniq_joseph
D:8:      layout_basic, hellmonk_lair_entry_icy,
          nicolae_concentric_dashed_squares_mild, kennysheep_generic_room_4
D:9:      layout_gridville
D:10:     layout_stronghold, ashenzari_conservatory_becter,
          lightli_church_of_beogh, uniq_grum
D:11:     layout_basic
D:12:     layout_cave_pools, minmay_orc_entry_guard_dogs,
          gammafunk_ghost_stat_death
D:13:     layout_grid_maze, gauntlet_entry_generic, grunt_dithmenos_smoke
D:14:     wad_mega_maze, layout_long_grid, ximxim_vaults_locker_room,
          chequers_jeans, kennysheep_pointless_box, kennysheep_generic_room_6
D:15:     gammafunk_depths_entry_grave, layout_cave_pods,
          minmay_misc_feat_pillars, hangedman_decor_points, uniq_louise,
          uniq_nessos
Lair:1:   layout_concentric_octagons, grunt_megastairs_2, uniq_fannar
Lair:2:   layout_roguey, mainiacjoe_swamp_entry_lozenge_pond, minivault_24,
          beast_lair_carwin_3
Lair:3:   layout_cave_pods, spider_nest_entry_web_field, serial_bayou_lagoon_b
Lair:4:   layout_regular_city, lemuel_fruit_tree
Lair:5:   hellmonk_lair_end_abyssal_woods, layout_hall_layers, slime_entry_2
Swamp:1:  layout_basic_swamp, serial_swamp_ruin, evilmike_swamp_ruin_house_4,
          evilmike_swamp_ruin_house_3, hangedman_swamp_ruin_wall,
          infiniplex_staircase_pool_2, uniq_nikola
Swamp:2:  layout_basic_swamp, evilmike_swamp_ruin_house_2, swamp_pool_3
Swamp:3:  layout_basic_swamp, evilmike_swamp_ruin_house_1, swamp_pool_3
Swamp:4:  byrel_swamp_growth_death_and_undeath, layout_basic_swamp, swamp_pool_3
Spider:1: layout_chambers, drop_trap
Spider:2: layout_cave_pods, hangedman_stitches_earthworm
Spider:3: layout_spider_delve, guppyfry_spider_mini_3
Spider:4: grunt_spider_rune_circles, hangedman_spider_tarantella_strand
Orc:1:    layout_caves, serial_shops, shop, nicolae_specific_store
Orc:2:    st_orc_pillars, layout_caves
Elf:1:    nicolae_elf_arrival_fired_up, layout_loops_corners, serial_shops,
          shop_fountains, nicolae_shop_peninsula, nicolae_shop_hallway_plus,
          kilobyte_rumbling_trees, nicolae_elf_free_trip_to_the_abyss
Elf:2:    elven_hall_of_blades_hangedman_original [grunt_blade_entry_basic],
          layout_onion_city
Elf:3:    minmay_elf_hall_dome, layout_geoelf_castle, st_stairs_12, uniq_zenata
Vaults:1: vaults_room_ringed_pool, v_misc_29, ontoclasm_vaults_ring_square,
          nicolae_vaults_enemy_cabinets, grunt_vaults_diagonal, v_pattern_1,
          ontoclasm_vaults_ring_small, v_alt_pattern_1,
          nicolae_vaults_storage_room_glass, nicolae_vaults_border_crossing,
          vaults_dpeg_ring, vaults_room_grid, layout_vaults_quadrants,
          serial_shops, nicolae_shop_drivethru
Vaults:2: hangedman_vaults_impose, minmay_crypt_entry_simple_walls,
          ontoclasm_vaults_twist, nicolae_vaults_network_quinsquares
          [nicolae_vaults_network_quincunx_subvault,
          nicolae_vaults_network_quincunx_subvault,
          nicolae_vaults_network_quincunx_subvault,
          nicolae_vaults_network_quincunx_subvault],
          nicolae_vaults_more_shelving_1, v_misc_18,
          nicolae_vaults_shrinking_rooms_2, nicolae_vaults_alarming,
          vaults_standard_mumra_x, sword_in_stone, layout_vaults_omnicross,
          serial_shops, nicolae_book_shop_shelving
Vaults:3: grunt_vaults_twisty, nicolae_vaults_house_3, vaults_room_fancy_cross,
          vaults_standard_mumra_lines, vaults_mumra_minichess,
          nicolae_vaults_closet_pinwheel_4, hangedman_vaults_nails,
          nicolae_vaults_offset_grid_hallway_1, nicolae_vaults_circle_grid_b,
          v_misc_11, nicolae_vaults_variable_pillar_hall,
          layout_vaults_maze_bifur, uniq_donald
Vaults:4: v_rooms_1, nicolae_vaults_doubleplus_tesselated,
          hangedman_vaults_slither, nicolae_vaults_big_ls,
          nicolae_vaults_inception_scallops, nicolae_vaults_little_squares_6,
          nicolae_vaults_turnstiles, nicolae_vaults_surprise_closet,
          ontoclasm_vaults_claustrophobia, ontoclasm_vaults_bender,
          nicolae_vaults_little_squares_3, nicolae_vaults_tangram_1,
          layout_vaults_omnibox, nicolae_trove_entry_diagonal
Vaults:5: uniq_saint_roka, uniq_margery
Crypt:1:  layout_gridlike, nicolae_crypt_soggy_tomb, grunt_megastairs_5,
          uniq_bai_suzhen, uniq_josephina
Crypt:2:  layout_catacombs, basic_altar, serial_glass, glass_columns_c,
          glass_columns_a, serial_library_regret_index_closets,
          nicolae_crypt_lounge_for_the_living
Crypt:3:  cryptofortress_bobbens, uniq_xtahua, uniq_jory, uniq_frederick
Depths:1: layout_cave_pools, minivault_11, hell_entry, pan_entry,
          hangedman_cracks_in_the_wall, grunt_megastairs_1
Depths:2: grunt_profane_halls [grunt_profane_loot, grunt_profane_temple_dis,
          grunt_profane_temple_coc, grunt_profane_temple_geh,
          grunt_profane_temple_tar], hell_entry, abyss_entry, pan_entry,
          uniq_boris
Depths:3: minmay_the_grid_octo_tiled_squarecenter [minmay_the_grid_octo_focus,
          minmay_the_grid_octo_tetromino_candy,
          minmay_the_grid_octo_checkerflower, minmay_the_grid_octo_chip,
          minmay_the_grid_square_5x5_megaprize_checkered,
          minmay_the_grid_square_5x5_plus,
          minmay_the_grid_square_5x5_pentomino_r,
          minmay_the_grid_square_5x5_minimal,
          minmay_the_grid_square_5x5_tetrominoes], layout_honeycomb,
          enter_ziggurat_a, hell_entry, serial_shops, bzr_entry_customers,
          abyss_entry_flame_altar, minmay_shop_grid_forest, lemuel_freeze_loot_1
Depths:4: evilmike_zot_entry_round, layout_gridlike,
          nicolae_abyss_entry_one_way_or_another,
          nicolae_concentric_dashed_squares_wild, pf_hell_entry_tar_spiral,
          uniq_sojobo
Zot:1:    layout_cathedral_of_symmetry, st_stairs_6, nicolae_diode_intersection
Zot:2:    layout_gridlike, grunt_ministairs_9
Zot:3:    layout_gridlike, drop_trap, lemuel_golem_globe
Zot:4:    layout_misc_corridors, bh_zot_ikea_curve,
          regret_index_zotdec_stipple_waver, skrybe_zot_glass_1, lemuel_elevator
Zot:5:    layout_basic

Action                     |  1- 3 |  4- 6 |  7- 9 | 10-12 | 13-15 | 16-18 | 19-21 | 22-24 | 25-27 || total
---------------------------+-------+-------+-------+-------+-------+-------+-------+-------+-------++-------
  Melee: Unarmed           |     9 |       |       |       |       |       |       |       |       ||     9
         Dagger            |     2 |       |       |       |       |       |       |       |       ||     2
         Short sword       |     2 |       |       |       |       |       |       |       |       ||     2
         Sling             |       |     2 |       |       |       |       |       |       |       ||     2
   Fire: Sling             |       |    60 |   530 |  1376 |  1178 |  1029 |  1036 |  1091 |   940 ||  7240
         Hand cannon       |       |       |       |       |   576 |  1029 |  1036 |  1091 |   940 ||  4672
  Throw: Dart              |       |       |       |     1 |       |       |     1 |       |       ||     2
   Cast: Magic Dart        |    15 |       |     2 |       |       |       |       |       |       ||    17
         Searing Ray       |    23 |    30 |    32 |       |       |       |       |       |       ||    85
 Invoke: Heroism           |       |       |     4 |     7 |     1 |       |     1 |     3 |       ||    16
         Receive Weapon    |       |       |       |       |     1 |       |       |       |       ||     1
         Receive Armour    |       |       |       |       |     1 |       |       |       |       ||     1
         Finesse           |       |       |       |       |     6 |     6 |     7 |    10 |    15 ||    44
  Evoke: Wand              |       |     4 |    10 |     4 |     1 |     1 |       |     2 |     1 ||    23
    Use: Scroll            |     4 |    11 |    10 |     9 |     9 |     3 |     2 |     5 |     5 ||    58
         Potion            |       |     3 |     2 |     2 |       |     2 |       |       |    16 ||    25
 Armour: Robe              |     5 |       |       |       |       |       |       |       |    40 ||    45
         Ring mail         |       |    19 |   104 |       |       |       |       |       |       ||   123
         Leather armour    |       |       |     5 |    21 |       |       |       |       |       ||    26
         Steam dragon scal |       |       |       |    44 |       |       |       |       |       ||    44
         Troll leather arm |       |       |       |   119 |    80 |       |       |       |       ||   199
         Animal skin       |       |       |       |       |    20 |    80 |   111 |   103 |    32 ||   346
  Dodge: Dodged            |    10 |    16 |    78 |   287 |   117 |   161 |   253 |   358 |   275 ||  1555
         Repelled          |       |       |       |       |       |     4 |     3 |     9 |     5 ||    21
